 Dungeon Crawl Stone Soup version 0.19.1-1-g22dce08 (webtiles) character file.

27589 paradoxae the Covert (level 13, -2/90 HPs)
             Began as a Vampire Enchanter on Jan 3, 2017.
             Was an Elder of Sif Muna.
             Slain by a redback (9 damage)
             ... on level 3 of the Lair of Beasts on Jan 4, 2017.
             The game lasted 02:33:41 (23084 turns).

paradoxae the Covert (Vampire Enchanter)           Turns: 23084, Time: 02:33:42

Health: -2/90      AC:  0    Str:  7    XL:     13   Next: 5%
Magic:  0/21       EV: 13    Int: 22    God:    Sif Muna [****..]
Gold:   979        SH:  0    Dex: 20    Spells: 6 memorised, 4 levels left

rFire  . . .     SeeInvis +     (weapon currently unavailable)
rCold  . . .     Gourm    .     (armour currently unavailable)
rNeg   + . .     Faith    .     (shield currently unavailable)
rPois  .         Spirit   +     (helmet currently unavailable)
rElec  .         Reflect  .     (cloak currently unavailable)
rCorr  .         Harm     .     (gloves currently unavailable)
MR     +....                    (boots currently unavailable)
Stlth  +++++++...               v - amulet of guardian spirit
                                (ring currently unavailable)
                                (ring currently unavailable)

@: lethally poisoned (-2 -> -27), bat-form, flying, held, studying Throwing,
divine energy, very quick
A: fangs 3, see invisible, (unbreathing)
a: End Transformation, Stop Divine Energy, Channel Magic, Forget Spell, Renounce
Religion


You were on level 3 of the Lair of Beasts.
You worshipped Sif Muna.
Sif Muna was greatly pleased with you.
You were not thirsty.
You were in vampire-bat-form.
You visited 2 branches of the dungeon, and saw 15 of its levels.
You also visited: Ossuary.

You collected 979 gold pieces.

Inventory:

Hand Weapons
 a - a +2 dagger of electrocution (melded)
Missiles
 l - 5 javelins (quivered)
Armour
 d - a +0 buckler (melded)
 e - a +0 helmet (melded)
 h - a +2 cloak (melded)
 i - a +1 pair of gloves (melded)
 t - a +2 leather armour of fire resistance (melded)
Jewellery
 v - an amulet of guardian spirit (around neck)
 C - a +1 ring of evasion (melded)
 H - a ring of protection from cold (melded)
Wands
 c - a wand of acid (10/15)
 f - a wand of paralysis (11/24)
 m - a wand of flame (25/48)
 o - a wand of slowing (12/48)
 p - a wand of random effects (37/48)
 u - a wand of lightning (6/15)
 y - a wand of iceblast (13/15)
 E - a wand of slowing (38/48)
 I - a wand of iceblast (11/15)
 K - a wand of polymorph (14/24)
Scrolls
 b - a scroll of enchant armour
 g - 21 scrolls of identify
 j - 2 scrolls of blinking
 k - 5 scrolls of fear
 n - a scroll of magic mapping
 r - 5 scrolls of teleportation
 z - 14 scrolls of remove curse
 G - a scroll of recharging
Potions
 q - 18 potions of blood
 w - a potion of heal wounds
 x - a potion of cancellation
 A - 7 potions of curing
 B - a potion of brilliance
 M - a potion of haste
Books
 s - a manual of Throwing
 D - a book of Transfigurations

   Spells                             Type                      Level
   a - Irradiate                      Conjuration/Transmutation    5
   b - Statue Form                    Transmutation/Earth          6
   c - Hydra Form                     Transmutation                6
   d - Dragon Form                    Transmutation                7
 F - a book of Frost

   Spells                             Type                      Level
   a - Freeze                         Ice                          1
   b - Throw Frost                    Conjuration/Ice              2
   c - Ozocubu's Armour               Charms/Ice                   3
   d - Throw Icicle                   Conjuration/Ice              4
   e - Summon Ice Beast               Ice/Summoning                4


   Skills:
 + Level 4.9 Fighting
 + Level 6.8 Short Blades
 + Level 5.0 Armour
 + Level 7.0 Dodging
 + Level 10.0 Stealth
 * Level 4.3 Shields
 + Level 5.6 Spellcasting
 * Level 6.3 Conjurations
 + Level 9.3 Hexes
 + Level 4.9 Transmutations
 * Level 6.1 Ice Magic
 * Level 7.1 Earth Magic
 + Level 3.1 Invocations
 + Level 5.7 Evocations


You had 4 spell levels left.
You knew the following spells:

 Your Spells              Type           Power        Failure   Level  Hunger
c - Confuse               Hex            #####...     1%          3    ##.....
d - Dazzling Spray        Conj/Hex       #####.       1%          3    ##.....
l - Lee's Rapid Deconstr  Erth           #####.....   14%         5    #####..
p - Passwall              Tmut/Erth      ####......   1%          2    None
x - Throw Icicle          Conj/Ice       ####....     10%         4    ####...
z - Ensorcelled Hibernat  Hex/Ice        #####.       1%          2    None


Dungeon Overview and Level Annotations

Branches:
Dungeon (12/15)            Temple (0/1) D:7            Lair (3/6) D:9
  Swamp (0/4) Lair:2       Spider (0/4) Lair:3          Orc (0/2) D:11

Altars:
Ashenzari
Kikubaaqudgha
Nemelex Xobeh
Sif Muna
Trog
Uskayaw
Vehumet
The Shining One

Shops:
D:6 !


Innate Abilities, Weirdness & Mutations

You have razor-sharp teeth.
You have supernaturally acute eyesight. (SInv)
((You can survive without breathing.))


Message History

You are caught in a web!
The jumping spider bites you!
* * * LOW HITPOINT WARNING * * *
The wolf spider hits you!
* * * LOW HITPOINT WARNING * * *
The wolf spider bites you.
* * * LOW HITPOINT WARNING * * *
You are more poisoned.
The wolf spider poisons you! The wolf spider barely misses you.
The wolf spider bites you!
* * * LOW HITPOINT WARNING * * *
You feel better. The redback closely misses you.
The jumping spider pounces on you.
* * * LOW HITPOINT WARNING * * *
The jumping spider bites you.
* * * LOW HITPOINT WARNING * * *
The wolf spider closely misses you. x3; The wolf spider bites you!
* * * LOW HITPOINT WARNING * * *
You are lethally poisoned!
The wolf spider poisons you! The redback bites you!
You die...

#.§^.## #.^^.^# ## #^.^## ##
#... #### #..^##### #
.#####..###..### #......#.#
.#.......#.#.##.##........##
..............##(...?......#
...............sss.........#
..........%.....bs.........#
.................s.........#
...........................#
...........................#
.....................).....#
.....................[.....#
...........................
÷.......................##
...#.##.#.#########


You could see 2 wolf spiders, a jumping spider and 2 redbacks.

Vanquished Creatures
  3 hydras
  Nergalle (Lair:2)
  3 unseen horrors
  Pikel (D:9)
  3 hill giants
  A deep elf mage (D:12)
  2 ugly things
  3 oklob plants (Lair:1)
  A manticore (D:11)
  An ice statue (D:12)
  2 rime drakes
  A spiny frog (Lair:1)
  3 komodo dragons
  2 trolls
  6 hippogriffs
  5 dream sheep (Lair:3)
  4 blink frogs
  A shadow (D:11)
  16 yaks
  A basilisk (Lair:2)
  Eustachio (D:4)
  The ghost of paradoxae the Skirmisher, an amateur FoAK of Lugonu (D:3)
  4 hungry ghosts
  Menkaure (D:4)
  Edmund (D:5)
  The ghost of miniman03 the Skirmisher, an amateur TeBe of Trog (D:4)
  Duvessa (D:5)
  4 water moccasins
  4 porcupines (Lair:2)
  3 phantoms
  9 sky beasts
  7 orc warriors
  5 ice beasts
  6 ogres
  A necrophage (D:7)
  4 crocodiles
  7 centaurs
  A big kobold (D:10)
  13 bullfrogs
  Blork the orc (D:6)
  2 elf skeletons (D:6)
  A gnoll sergeant (D:9)
  A wyvern zombie (D:11)
  A water moccasin zombie (D:7)
  5 scorpions
  Dowan (D:5)
  5 killer bees (D:8)
  8 wights
  3 electric eels (Lair:2)
  2 howler monkeys
  6 crimson imps
  5 bullfrog zombies
  2 quasits
  6 centaur zombies
  A human zombie (D:6)
  14 orc priests
  4 centaur skeletons
  3 hounds
  19 orc wizards
  2 human skeletons (D:6)
  4 iguanas
  7 worker ants
  4 hound zombies
  A hound skeleton (D:4)
  15 mummies (Ossuary)
  2 worker ant zombies
  3 howler monkey zombies (Ossuary)
  11 gnolls (D:8)
  8 adders
  7 river rats
  An ooze (D:3)
  An adder skeleton (D:5)
  2 worms
  3 dart slugs
  43 orcs
  14 bats
  8 giant cockroaches
  8 hobgoblins
  13 jackals
  12 kobolds
  6 quokkas
  3 ball pythons
  6 frilled lizards
  8 goblins
  A jackal skeleton (D:4)
  3 jackal zombies
  3 leopard gecko zombies
  An orc skeleton (D:6)
  2 quokka zombies (Ossuary)
  15 rats
  A butterfly (Lair:2)
442 creatures vanquished.

Vanquished Creatures (others)
  A slave (D:9)
  A jelly (D:9)
  A plant (Lair:1)
3 creatures vanquished.

Grand Total: 445 creatures vanquished

Notes
Turn   | Place    | Note
-------+----------+-------------------------------------------
     0 | D:1      | paradoxae the Vampire Enchanter began the quest for the Orb.
     0 | D:1      | Reached XP level 1. HP: 13/13 MP: 3/3
   170 | D:1      | Reached XP level 2. HP: 19/19 MP: 5/5
   210 | D:1      | Reached skill level 1 in Armour
   215 | D:1      | Learned a level 2 spell: Ensorcelled Hibernation
   508 | D:1      | Reached XP level 3. HP: 23/25 MP: 1/6
   936 | D:1      | Reached skill level 5 in Stealth
  1366 | D:2      | Found an ancient bone altar of Kikubaaqudgha.
  1367 | D:2      | Found a sparkling altar of Nemelex Xobeh.
  1492 | D:2      | Reached skill level 1 in Fighting
  1584 | D:2      | Found a bloodstained altar of Trog.
  1711 | D:2      | Learned a level 3 spell: Confuse
  1846 | D:2      | Reached XP level 4. HP: 23/32 MP: 7/7
  2498 | D:3      | Noticed paradoxae's ghost (amateur FoAK)
  2617 | D:3      | Killed paradoxae's ghost
  2617 | D:3      | Reached skill level 5 in Hexes
  2617 | D:3      | Reached skill level 1 in Ice Magic
  2617 | D:3      | Reached XP level 5. HP: 22/37 MP: 0/8
  3349 | D:3      | Reached skill level 1 in Evocations
  3355 | D:3      | Learned a level 3 spell: Dazzling Spray
  3622 | D:3      | Reached XP level 6. HP: 43/43 MP: 6/9
  3646 | D:4      | Noticed Eustachio
  3651 | D:4      | Noticed miniman03's ghost (amateur TeBe)
  3652 | D:4      | Killed Eustachio
  3674 | D:4      | HP: 2/44 [miniman03's ghost (6)]
  4510 | D:4      | Reached skill level 6 in Stealth
  4973 | D:4      | Killed miniman03's ghost
  4973 | D:4      | Reached XP level 7. HP: 43/49 MP: 3/11
  5127 | D:4      | Noticed Menkaure
  5142 | D:4      | Killed Menkaure
  5503 | D:5      | Entered Level 5 of the Dungeon
  6275 | D:5      | Reached XP level 8. HP: 56/56 MP: 9/13
  6416 | D:5      | Found a hide-covered altar of Uskayaw.
  6495 | D:5      | Reached skill level 1 in Conjurations
  6527 | D:5      | Reached skill level 7 in Stealth
  6928 | D:5      | Learned a level 2 spell: Passwall
  6937 | D:5      | Noticed Duvessa
  6937 | D:5      | Noticed Dowan
  6944 | D:5      | Killed Dowan
  6960 | D:5      | Killed Duvessa
  7117 | D:5      | Noticed Edmund
  7134 | D:5      | Killed Edmund
  7134 | D:5      | Reached skill level 1 in Earth Magic
  7421 | D:6      | Reached XP level 9. HP: 62/62 MP: 8/14
  7455 | D:6      | Reached skill level 1 in Transmutations
  7465 | D:6      | Found a sand-covered staircase.
  7483 | Ossuary  | Entered an ossuary
  7796 | Ossuary  | Reached skill level 5 in Dodging
  8700 | D:6      | Found Ynyv's Distillery.
  8899 | D:6      | Found a glowing golden altar of the Shining One.
  8909 | D:6      | Noticed Blork the orc
  8931 | D:6      | Killed Blork the orc
  9882 | D:6      | Reached skill level 8 in Stealth
  9943 | D:6      | Found a deep blue altar of Sif Muna.
  9957 | D:6      | Became a worshipper of Sif Muna the Loreminder
 10648 | D:6      | Reached XP level 10. HP: 70/70 MP: 0/16
 10816 | D:7      | Found a shattered altar of Ashenzari.
 10825 | D:7      | Noticed a hill giant
 10848 | D:7      | Killed a hill giant
 10949 | D:7      | Found a staircase to the Ecumenical Temple.
 11082 | D:7      | Reached skill level 5 in Short Blades
 11712 | D:8      | Got a fine leather armour
 11723 | D:8      | Identified the +1 leather armour "Puudo" {Stlth+} (You found it on level 8 of the Dungeon)
 12023 | D:8      | Reached * piety under Sif Muna
 13063 | D:8      | Reached skill level 1 in Invocations
 13688 | D:9      | Reached ** piety under Sif Muna
 13781 | D:9      | Found a staircase to the Lair.
 13827 | D:9      | Gained mutation: You are resistant to hostile enchantments. (MR+) [potion of mutation]
 13827 | D:9      | Gained mutation: You tend to lose your temper in combat. [potion of mutation]
 13827 | D:9      | Gained mutation: You are agile. (Dex +2) [potion of mutation]
 13828 | D:9      | Lost mutation: You are resistant to hostile enchantments. (MR+) [potion of cure mutation]
 13828 | D:9      | Lost mutation: You tend to lose your temper in combat. [potion of cure mutation]
 13828 | D:9      | Lost mutation: You are agile. (Dex +2) [potion of cure mutation]
 13912 | D:9      | Noticed Pikel
 13914 | D:9      | Reached skill level 9 in Stealth
 13921 | D:9      | Killed Pikel
 13921 | D:9      | Reached XP level 11. HP: 77/77 MP: 5/17
 14477 | D:10     | Entered Level 10 of the Dungeon
 14601 | D:10     | Reached skill level 1 in Shields
 14689 | D:10     | Reached skill level 5 in Earth Magic
 15090 | D:10     | Noticed an unseen horror
 15095 | D:10     | Killed an unseen horror
 15095 | D:10     | Reached skill level 5 in Ice Magic
 15342 | D:10     | Noticed a hill giant
 15367 | D:10     | Killed a hill giant
 15367 | D:10     | Reached skill level 5 in Conjurations
 15537 | D:11     | Found a staircase to the Orcish Mines.
 15565 | D:11     | Reached *** piety under Sif Muna
 15752 | D:11     | Noticed an unseen horror
 15759 | D:11     | Killed an unseen horror
 15935 | D:11     | Noticed a hill giant
 15941 | D:11     | Killed a hill giant
 15941 | D:11     | Reached skill level 5 in Spellcasting
 16602 | D:12     | Found a radiant altar of Vehumet.
 16745 | D:12     | Reached XP level 12. HP: 84/84 MP: 10/19
 17509 | D:11     | Reached skill level 5 in Evocations
 19031 | D:9      | Learned a level 5 spell: Lee's Rapid Deconstruction
 19349 | Lair:1   | Entered Level 1 of the Lair of Beasts
 19427 | Lair:1   | Reached **** piety under Sif Muna
 20873 | Lair:1   | Noticed a six-headed hydra
 20888 | Lair:1   | Killed a six-headed hydra
 21317 | Lair:2   | Noticed Nergalle
 21324 | Lair:2   | Killed Nergalle
 21347 | Lair:2   | Found a staircase to the Swamp.
 22063 | Lair:3   | Noticed a six-headed hydra
 22069 | Lair:3   | Killed a six-headed hydra
 22069 | Lair:3   | Reached skill level 10 in Stealth
 22077 | Lair:3   | Noticed a four-headed hydra
 22565 | Lair:2   | Killed a four-headed hydra
 22694 | Lair:3   | Learned a level 4 spell: Throw Icicle
 22725 | Lair:3   | Reached skill level 5 in Armour
 22761 | Lair:3   | Reached XP level 13. HP: 90/90 MP: 6/21
 23078 | Lair:3   | Found a hole to the Spider Nest.
 23084 | Lair:3   | Slain by a redback

Skill      XL: |  1  2  3  4  5  6  7  8  9 10 11 12 13 |
---------------+----------------------------------------+-----
Armour         | 1 2 3 4 5 |  5.0
Stealth        | 5 6 7 8 9 10 | 10.0
Fighting       | 1 2 3 4 |  4.9
Short Blades   | 2 3 4 5 6 |  6.8
Hexes          | 5 6 7 8 9 |  9.3
Ice Magic      | 1 2 3 4 5 6 |  6.1
Dodging        | 3 4 5 6 7 |  7.0
Evocations     | 1 2 3 4 5 |  5.7
Spellcasting   | 3 4 5 |  5.6
Conjurations   | 2 3 4 5 6 |  6.3
Earth Magic    | 1 3 4 5 7 |  7.1
Transmutations | 2 3 4 |  4.9
Invocations    | 1 2 3 |  3.1
Shields        | 3 4 |  4.3

Action                   |  1- 3 |  4- 6 |  7- 9 | 10-12 | 13-15 || total
-------------------------+-------+-------+-------+-------+-------++-------
Melee: Dagger            |   150 |    66 |   528 |   460 |    10 ||  1214
       Bite              |    11 |     5 |    58 |    22 |       ||    96
       Rapier            |       |    51 |    49 |       |       ||   100
Throw: Javelin           |       |       |     8 |       |       ||     8
 Cast: Ensorcelled Hiber |    15 |    28 |    83 |   236 |    11 ||   373
       Confuse           |       |     8 |    66 |    58 |       ||   132
       Passwall          |       |       |     1 |       |       ||     1
       Lee's Rapid Decon |       |       |       |     7 |       ||     7
       Dazzling Spray    |       |       |       |     3 |       ||     3
Invok: Divine Energy     |       |       |       |     1 |       ||     1
 Abil: Bat Form          |       |       |       |     2 |     1 ||     3
       End Transformatio |       |       |       |     2 |       ||     2
  Use: Scroll            |     1 |       |     6 |    12 |     1 ||    20
       Potion            |       |     5 |    15 |    16 |     3 ||    39
 Stab: Sleeping          |    17 |    23 |    62 |   202 |     5 ||   309
       Confused          |       |     8 |    43 |    28 |       ||    79
       Distracted        |       |       |       |     1 |       ||     1
Armor: Robe              |    53 |    42 |     3 |       |       ||    98
       Leather armour    |       |       |    72 |   104 |     3 ||   179
Dodge: Dodged            |   103 |    82 |   212 |   214 |    42 ||   653
Block: Buckler           |       |       |       |    45 |     9 ||    54
